 Dungeon Crawl Stone Soup version 0.30-a0-779-g7971cf19c3 (webtiles) character file.

Game seed: 15835945328172648401

63 Octodad the Insei (level 4, -4/29 HPs)
             Began as an Octopode Transmuter on Feb 18, 2023.
             Slain by an ice beast (10 damage)
             ... on level 3 of the Dungeon.
             The game lasted 00:07:10 (1800 turns).

Octodad the Insei (Octopode Transmuter)             Turns: 1800, Time: 00:07:10

Health: -4/29      AC:  1    Str:  9    XL:     4   Next: 10%
Magic:  6/7        EV: 13    Int: 17    God:
Gold:   117        SH:  0    Dex: 12    Spells: 4/7 levels left

rFire   . . .      SeeInvis .      - Unarmed
rCold   . . .      Faith    .    (no shield)
rNeg    . . .      Spirit   .    (helmet restricted)
rPois   .          Reflect  .    (no amulet)
rElec   .          Harm     .    (no ring)
rCorr   .          Rampage  .    (no ring)
Will    .....                    (no ring)
Stlth   +++                      (no ring)
HPRegen 0.24/turn                (no ring)
MPRegen 0.10/turn                (no ring)
                                 (no ring)
                                 (no ring)

@: lethally poisoned (-4 -> -7), wereblooded
A: almost no armour, amphibious, 8 rings, camouflage 1, gelatinous body 1,
(nimble swimmer 1), tentacles
a: no special abilities


You were on level 3 of the Dungeon.
You visited 1 branch of the dungeon, and saw 3 of its levels.

You collected 141 gold pieces.
You spent 24 gold pieces at shops.

Inventory:

Jewellery
 j - a ring of fire
Scrolls
 c - a scroll of teleportation {unknown}
 e - a scroll of fear {unknown}
 f - 3 scrolls of enchant weapon {unknown}
 i - a scroll of identify
Potions
 a - 2 potions of lignification
 b - 3 potions of curing {unknown}
 d - a potion of flight {unknown}
 g - a potion of mutation {unknown}
 h - 2 potions of berserk rage {unknown}
 k - a potion of heal wounds {unknown}


   Skills:
 + Level 1.8 Fighting
 - Level 2.0 Dodging
 - Level 1.0 Stealth
 + Level 3.4 Unarmed Combat
 - Level 2.0 Spellcasting
 * Level 3.2 Transmutations
 + Level 0.5 Ice Magic


You had 4 spell levels left.
You knew the following spells:

 Your Spells              Type           Power      Damage    Failure   Level
a - Beastly Appendage     Tmut           24%        N/A       5%          1
b - Wereblood             Tmut           12%        N/A       8%          2

Your spell library contained the following spells:

 Spells                   Type           Power      Damage    Failure   Level
 Spider Form              Tmut/Pois      7%         N/A       30%         3
 Ice Form                 Ice/Tmut       8%         N/A       65%         4


Dungeon Overview and Level Annotations

Branches:
Dungeon (3/15)

Altars:

Shops:
D:2 *


Innate Abilities, Weirdness & Mutations

You cannot wear most types of armour.
You are amphibious.
You can wear up to eight rings at the same time.
Your skin changes colour to match your surroundings (Stealth+).
Your rubbery body absorbs attacks. (AC +1, EV +1)
((You are camouflaged when in or above water. (Stealth+)))
You have tentacles for arms and can constrict up to eight enemies at once.


Message History

You tentacle-slap the adder but do no damage.
Your grab misses the adder. The adder barely misses you. x2
You closely miss the adder. You grab the adder. You constrict the adder.
The adder closely misses you.
You closely miss the ice beast. You constrict the adder.
The ball python completely misses you. The ball python grabs you.
The ball python constricts you. The ice beast barely misses you.
The adder bites you. The ball python barely misses you.
The ball python constricts you.
You tentacle-slap the ball python. Your grab misses the ball python.
The ball python is severely wounded.
You constrict the adder. The ice beast hits you. The ice beast freezes you!
The adder barely misses you. The ball python bites you.
The ball python constricts you.
You escape the ball python's grasp.
You release your grip on the adder.
The ice beast attacks as you move away! The ice beast completely misses you.
The adder barely misses you.
You are too injured to fight recklessly!
You closely miss the adder. Your grab misses the adder.
The adder is moderately wounded.
The adder closely misses you.
You tentacle-slap the ball python.
You feel a bit better.
You kill the ball python!
The adder bites you.
You are poisoned.
The adder poisons you!
You tentacle-slap the adder. Your grab misses the adder. You squeeze the adder.
The adder is heavily wounded.
You feel sick. The adder barely misses you. The adder misses you.
You tentacle-slap the adder but do no damage.
Your grab misses the adder. Your squeeze misses the adder.
The adder is heavily wounded.
You feel sick. The ice beast completely misses you. The adder bites you.
* * * LOW HITPOINT WARNING * * *
You tentacle-slap the adder.
You feel a bit better.
You kill the adder!
You feel sick. The ice beast hits you.
* * * LOW HITPOINT WARNING * * *
The ice beast freezes you!
You die...

...#.....## .....
...#...... ...... ...
...##....# ..........
....#....# #....##.....
....#....####.......... .
....#....#....##...... ..
....#....#....#...... ..
.................# .#.#
......#.........@##...#..
......#........Y.#.......
......####........Y..>..#
......# #...##.##......#
##.#### #...##.# #######
#.# ##..##.. ### #..#####
##.# ..


You could see an ice beast.

Vanquished Creatures
  2 adders (D:3)
  A worm (D:3)
  2 dart slugs (D:2)
  An orc (D:3)
  An endoplasm (D:2)
  3 giant cockroaches
  5 goblins
  4 hobgoblins
  3 quokkas
  8 ball pythons
  3 bats
  9 kobolds
  5 rats
47 creatures vanquished.

Notes
Turn   | Place    | Note
-------+----------+-------------------------------------------
     0 | D:1      | Octodad the Octopode Transmuter began the quest for the
                  | Orb.
     0 | D:1      | Reached XP level 1. HP: 13/13 MP: 3/3
   121 | D:1      | Reached XP level 2. HP: 18/18 MP: 3/5
   124 | D:1      | Learned a level 2 spell: Wereblood
   207 | D:1      | Reached skill level 1 in Stealth
   287 | D:1      | Found a faded altar of an unknown god.
  1025 | D:2      | Found Xivael's General Store.
  1046 | D:2      | Reached XP level 3. HP: 23/23 MP: 2/6
  1054 | D:2      | Bought a scroll of identify for 24 gold pieces
  1761 | D:3      | Reached XP level 4. HP: 26/29 MP: 4/7
  1787 | D:3      | Noticed an ice beast
  1800 | D:3      | Slain by an ice beast

Illustrated notes

Levels and vault maps discovered:
D:1:      psy_arrival_dodecagon, layout_basic,
          shapermc_ecumenical_altar_hornbeckon
D:2:      layout_basic, serial_shops, nicolae_lakefront_shop
D:3:      layout_basic, yredelemnul_forgotten_temple_becter,
          gammafunk_ghost_mausoleum, wander_ebering_terrifying_dragon_lair,
          uniq_natasha

Skill      XL: |  1  2  3 |
---------------+----------+-----
Stealth        | 1 |  1.0
Transmutations | 3 |  3.2
Fighting       | |  1.8
Dodging        | |  2.0
Unarmed Combat | |  3.4
Spellcasting   | |  2.0
Ice Magic      | |  0.5

Action                     |  1- 3 |  4- 6 || total
---------------------------+-------+-------++-------
  Melee: Unarmed           |    93 |    10 ||   103
         Constrict         |    25 |     1 ||    26
         Kick              |     3 |       ||     3
         Tentacles         |    11 |     1 ||    12
         Punch             |     3 |       ||     3
   Cast: Beastly Appendage |     2 |       ||     2
         Wereblood         |    22 |     1 ||    23
   Stab: Sleeping          |     8 |       ||     8
 Armour: Skin              |     4 |       ||     4
  Dodge: Dodged            |    50 |    14 ||    64

Table legend: (Time is in decaauts)
 A = Elapsed time spent in this place.
 B = Non-inter-level travel time spent in this place.
 C = Inter-level travel time spent in this place.
 D = Time resting spent in this place.
 E = Time spent auto-exploring this place.
 F = Levels seen in this place.
 G = Mean time per level.
                   A        B        C        D        E       F      G
               +--------+--------+--------+--------+--------+-----+--------+
         Total |   1794 |   1652 |    142 |      0 |   1354 |   3 |  598.0 |
       Dungeon |   1794 |   1652 |    142 |      0 |   1354 |   3 |  598.0 |
               +--------+--------+--------+--------+--------+-----+--------+

Top non-repeatable levels by time:
     D:1: 1010 daAuts
     D:2: 629 daAuts
     D:3: 154 daAuts
